 Dungeon Crawl Stone Soup version 0.21-a0-122-g43b3ea6 (webtiles) character file.

173 sagitran the Skirmisher (level 5, 0/42 HPs)
             Began as a Demonspawn Abyssal Knight on July 13, 2017.
             Was a Believer of Lugonu.
             Slain by a killer bee (4 damage)
             ... on level 3 of the Dungeon.
             The game lasted 00:10:18 (3064 turns).

sagitran the Skirmisher (Demonspawn Abyssal Knight) Turns: 3064, Time: 00:10:19

Health: 0/42       AC:  6    Str: 13    XL:     5   Next: 28%
Magic:  0/6        EV: 12    Int: 14    God:    Lugonu [**....]
Gold:   168        SH:  0    Dex: 14    Spells: 1/4 levels left

rFire    + . .     SeeInvis .   a - +1 hand axe
rCold    + . .     Gourm    .   (no shield)
rNeg     . . .     Faith    .   b - +0 leather armour
rPois    +         Spirit   +   m - +2 helmet
rElec    +         Reflect  .   (no cloak)
rCorr    +         Harm     .   (no gloves)
MR       .....                  (no boots)
Stlth    ++........             (no amulet)
HPRegen  0.14/turn              (no ring)
MPRegen  0.10/turn              (no ring)

@: lethally poisoned (0 -> -9), resistant
A: thin skeletal structure 1, powered by death 1, magic shield
a: Depart the Abyss, Bend Space, Renounce Religion


You were on level 3 of the Dungeon.
You worshipped Lugonu.
Lugonu was pleased with you.
You were not hungry.

You visited 1 branch of the dungeon, and saw 4 of its levels.
You visited the Abyss 1 time.

You collected 168 gold pieces.

Inventory:

Hand Weapons
 a - a +1 hand axe (weapon)
 e - a +2 spear of venom
Armour
 b - a +0 leather armour (worn)
 m - a +2 helmet (worn)
Scrolls
 d - a scroll of remove curse {unknown}
 g - a scroll of enchant armour {unknown}
 i - 3 scrolls of teleportation {unknown}
 p - a scroll of recharging {unknown}
 q - a scroll of fear {unknown}
 r - 2 scrolls of blinking {unknown}
 u - a scroll of amnesia {unknown}
 w - a scroll of enchant weapon {unknown}
Potions
 f - a potion of resistance
 j - a potion of might
 k - a potion of flight {unknown}
 l - a potion of degeneration {unknown}
 o - 2 potions of curing {unknown}
 s - a potion of lignification {unknown}
Books
 n - a book of Changes

   Spells                             Type                      Level
   a - Beastly Appendage              Transmutation                1
   b - Sticks to Snakes               Transmutation                2
   c - Spider Form                    Transmutation/Poison         3
   d - Ice Form                       Ice/Transmutation            4
   e - Blade Hands                    Transmutation                5
 v - a book of Cantrips

   Spells                             Type                      Level
   a - Confusing Touch                Hexes                        1
   b - Animate Skeleton               Necromancy                   1
   c - Summon Small Mammal            Summoning                    1
   d - Apportation                    Translocation                1
Comestibles
 c - 4 bread rations
 t - 5 fruits


   Skills:
 + Level 3.7 Fighting
 + Level 3.7 Axes
 + Level 2.4 Armour
 + Level 1.6 Dodging
 + Level 1.0 Stealth
 + Level 2.6 Invocations


You had one spell level left.
You knew the following spells:

 Your Spells              Type           Power        Failure   Level  Hunger
a - Sticks to Snakes      Tmut           #.......     50%         2    ###....
b - Animate Skeleton      Necr           N/A          36%         1    ##.....


Dungeon Overview and Level Annotations

Branches:
Dungeon (4/15)
 Temple: D:4-7

Altars:


Innate Abilities, Weirdness & Mutations

You have a somewhat thin skeletal structure. (Dex +2, Stealth)
You regenerate a little health from kills.
When hurt, damage is shared between your health and your magic reserves.


Message History

You feel sick. The killer bee misses you. The killer bee closely misses you.
The killer bee stings you.
You slash the killer bee!
The killer bee is severely wounded.
You closely miss the killer bee. You hit the killer bee.
The killer bee stings you. The killer bee misses you.
The killer bee stings you. The killer bee closely misses you.
The killer bee stings you. x2
You are more poisoned.
The killer bee poisons you! The killer bee closely misses you.
It was a potion of resistance.
You feel protected.
You feel sick. The killer bee stings you.
* * * LOW HITPOINT WARNING * * *
The killer bee closely misses you. The killer bee stings you.
* * * LOW HITPOINT WARNING * * *
The killer bee misses you. The killer bee stings you.
* * * LOW HITPOINT WARNING * * *
The killer bee stings you.
You die...

........##..........#
......[.######.#.####
##........# ##...###
..........# #......#
..(.......###..)...#
...................#
..........###......#
..........# #......#
..........# #..y@..#
#........## #..yy..#
..........# ####.###
........).# #.#
..........# #.#
..........# #.#
..........# ...
#........## .....
##..[...## ......#


You could see 3 killer bees.

Vanquished Creatures
  A worker ant (D:3)
  Natasha (twice) (D:3)
  Robin (D:2)
  An adder (D:2)
  4 worms (D:2)
  A dart slug (D:1)
  3 leopard geckos
  2 orcs (D:3)
  6 bats
  2 giant cockroaches
  13 goblins
  5 hobgoblins
  3 jackals (D:3)
  4 kobolds
  A quokka (D:3)
  A ball python (D:3)
  9 frilled lizards
  3 rats
62 creatures vanquished.

Notes
Turn   | Place    | Note
-------+----------+-------------------------------------------
     0 | Abyss:1  | sagitran the Demonspawn Abyssal Knight began the quest for the Orb.
     0 | Abyss:1  | Reached XP level 1. HP: 18/18 MP: 2/2
    16 | D:1      | Escaped the Abyss
   178 | D:1      | Gained mutation: When hurt, damage is shared between your health and your magic reserves. [demonic ancestry]
   178 | D:1      | Reached XP level 2. HP: 10/24 MP: 3/3
   315 | D:3      | Noticed Robin
   422 | D:1      | Reached * piety under Lugonu
   992 | D:2      | Gained mutation: You have a somewhat thin skeletal structure. (Dex +2, Stealth) [demonic ancestry]
   992 | D:2      | Reached XP level 3. HP: 14/30 MP: 4/4
  1193 | D:2      | Reached skill level 1 in Dodging
  2341 | D:2      | Killed Robin
  2343 | D:2      | Reached XP level 4. HP: 33/37 MP: 3/5
  2427 | D:3      | Learned a level 2 spell: Sticks to Snakes
  2431 | D:3      | Noticed Natasha
  2443 | D:3      | Killed Natasha
  2614 | D:3      | Learned a level 1 spell: Animate Skeleton
  2672 | D:3      | Noticed Natasha
  2683 | D:3      | Killed Natasha
  2683 | D:3      | Reached ** piety under Lugonu
  2683 | D:3      | Reached skill level 1 in Stealth
  2683 | D:3      | Gained mutation: You regenerate a little health from kills. [demonic ancestry]
  2683 | D:3      | Reached XP level 5. HP: 34/42 MP: 4/6
  3064 | D:3      | Slain by a killer bee

Vault maps used:
D:1:      minmay_arrival_glassed_features, minmay_pentomino_p2
D:3:      first_bread, uniq_robin, uniq_natasha
D:4:      overflow_temple_1_default, nicolae_overflow_crystal_walls,
          serial_shops, kennysheep_mini_moat

Skill      XL: |  1  2  3  4 |
---------------+-------------+-----
Armour         | 2 |  2.4
Axes           | 2 3 |  3.7
Dodging        | 1 |  1.6
Stealth        | 1 |  1.0
Fighting       | |  3.7
Invocations    | |  2.6

Action                   |  1- 3 |  4- 6 || total
-------------------------+-------+-------++-------
Melee: Hand axe          |   101 |    77 ||   178
Invok: Depart the Abyss  |     1 |       ||     1
  Use: Potion            |     2 |     1 ||     3
 Stab: Distracted        |     1 |       ||     1
       Sleeping          |       |     2 ||     2
  Eat: Bread ration      |     1 |       ||     1
       Fruit             |       |     1 ||     1
       Royal jelly       |       |     1 ||     1
Armor: Leather armour    |    27 |    29 ||    56
Dodge: Dodged            |    66 |    67 ||   133
